Arizona Coyotes vs Anaheim Ducks
Created - Tuesday, September 23, 2025 at 08:43
Goals
|
| Arizona Coyotes |
0 |
0 |
0 |
0 |
| Anaheim Ducks |
0 |
1 |
1 |
2 |
|
Shots
|
| Arizona Coyotes |
12 |
3 |
11 |
26 |
| Anaheim Ducks |
9 |
19 |
8 |
36 |
|
1st period
No Goal
Penalties :
Brayden Schenn (ANA) for Fighting (Major) at 14:39, Ryan Donato (AZC) for Fighting (Major) at 14:39
2nd period
1. Anaheim Ducks , John Tavares 16 (William Nylander 27) at 14:50
Penalties :
Radko Gudas (AZC) for Tripping (Minor) at 9:38, Brayden Schenn (ANA) for Fighting (Major) at 16:22, Johnathan Kovacevic (AZC) for Fighting (Major) at 16:22
3rd period
2. Anaheim Ducks , Will Cuylle 5 (Chandler Stephenson 14, Mark Scheifele 30) at 2:33
Penalties :
Mark Scheifele (ANA) for Roughing (Minor) at 3:58, Alex Killorn (ANA) for Interference (Minor) at 9:20
Goalie Stats
Elvis Merzlikins (AZC), 34 saves from 36 shots - (0.944), L, 17-7-2, 60:00 minutes
Linus Ullmark (ANA), 26 saves from 26 shots - (1.000), W, 17-12-3, 60:00 minutes
Players Stats for Arizona Coyotes
Player Name G A P +/- PIM S H SB GA TA FO MP PP MP PK MP
------------------------------------------------------------------------------------
Aliaksei Protas 0 0 0 -2 0 3 1 0 1 0 1/2 17:14 2:06 0:00
Anthony DeAngelo 0 0 0 -1 0 1 2 0 1 0 0/0 18:43 0:00 0:00
Brayden McNabb 0 0 0 -1 0 0 0 1 0 0 0/0 18:48 2:07 1:01
Brock McGinn 0 0 0 0 0 0 1 0 0 0 0/0 7:45 0:00 0:00
Charlie Coyle 0 0 0 0 0 1 5 0 0 0 14/20 20:19 1:52 0:54
Erik Haula 0 0 0 0 0 0 2 0 1 0 0/1 8:55 0:00 0:07
Jared Spurgeon 0 0 0 -1 0 1 0 3 1 1 0/0 18:21 2:07 0:40
Johnathan Kovacevic 0 0 0 0 5 0 1 1 2 3 0/0 22:13 1:51 1:19
Kiefer Sherwood 0 0 0 -2 0 2 1 0 0 0 0/0 17:15 2:06 0:00
Mason McTavish 0 0 0 0 0 3 1 2 0 1 8/14 18:07 0:00 0:07
Mats Zuccarello 0 0 0 0 0 3 0 0 2 0 0/4 20:12 1:52 0:54
Matt Dumba 0 0 0 -1 0 0 2 1 0 1 0/0 17:45 0:00 0:58
Ondrej Palat 0 0 0 0 0 2 0 1 0 0 0/0 13:05 0:00 0:00
Radko Gudas 0 0 0 0 2 0 2 3 0 1 0/0 24:39 1:51 0:00
Ross Colton 0 0 0 0 0 2 0 1 0 0 0/0 1:34 0:00 0:00
Ryan Donato 0 0 0 -2 5 2 1 0 2 0 5/17 17:23 2:06 0:58
Tyler Bertuzzi 0 0 0 0 0 3 1 0 0 0 0/0 15:24 0:00 0:00
Tyler Seguin 0 0 0 0 0 3 0 0 1 0 0/1 20:16 1:52 0:58
Players Stats for Anaheim Ducks
Player Name G A P +/- PIM S H SB GA TA FO MP PP MP PK MP
------------------------------------------------------------------------------------
Alex Killorn 0 0 0 1 2 3 2 0 0 1 0/2 14:54 0:00 1:09
Brayden Schenn 0 0 0 0 10 2 2 0 0 0 3/4 15:58 1:04 1:48
Brenden Dillon 0 0 0 1 0 0 0 1 0 0 0/0 19:23 0:00 1:15
Chandler Stephenson 0 1 1 1 0 1 0 1 1 1 3/7 13:51 0:00 2:11
Esa Lindell 0 0 0 0 0 4 2 3 0 3 0/0 22:39 0:56 2:43
Ivan Provorov 0 0 0 1 0 0 1 3 1 3 0/0 20:58 0:56 2:43
J.T. Compher 0 0 0 0 0 2 1 0 1 0 1/3 10:19 0:00 1:41
John Tavares 1 0 1 1 0 4 3 0 0 1 13/19 18:21 0:55 0:13
Jonny Brodzinski 0 0 0 0 0 0 1 0 0 0 0/0 8:27 0:00 0:00
Joshua Morrissey 0 0 0 0 0 2 1 2 0 0 0/0 19:39 1:03 0:00
Kevin Bahl 0 0 0 1 0 0 2 0 0 0 0/0 16:41 0:00 0:00
Mark Scheifele 0 1 1 0 2 1 2 1 0 0 9/18 18:09 1:04 0:03
Mason Marchment 0 0 0 0 0 0 3 0 1 0 0/1 17:05 0:55 0:00
Nazem Kadri 0 0 0 1 0 3 1 0 0 0 1/2 19:08 0:55 0:51
Parker Kelly 0 0 0 0 0 1 2 1 1 0 0/0 8:27 0:00 0:00
Philip Broberg 0 0 0 1 0 1 0 0 0 0 0/0 20:40 1:03 1:15
Will Cuylle 1 0 1 1 0 2 2 0 0 0 0/0 11:40 0:00 0:00
William Nylander 0 1 1 1 0 10 3 0 2 2 1/3 19:39 1:04 0:00
3 Stars
1 - Linus Ullmark (ANA)
2 - John Tavares (ANA)
3 - Will Cuylle (ANA)
Power Play
Arizona Coyotes - 0 on 2 Attempt(s) - 0.00%
Anaheim Ducks - 0 on 1 Attempt(s) - 0.00%
Penalty Kill
Arizona Coyotes - 1 on 1 Attempt(s) - 100.00%
- Score 0 goal in Penalty Kill
Anaheim Ducks - 2 on 2 Attempt(s) - 100.00%
- Score 0 goal in Penalty Kill
Team Stat
Arizona Coyotes - Hits : 20 - Faceoff Wins : 28 - Blocked Shots : 13 - Penalty Minutes : 12
Anaheim Ducks - Hits : 28 - Faceoff Wins : 31 - Blocked Shots : 12 - Penalty Minutes : 14
Official
Referees : Graham Skilliter and Carter Sandlak
Linesman : Mark Shewchyk and Jonny Murray
Game Notes
Ross Colton is injured at 9:43 of 1st period (Strained Left Knee)
Brayden Schenn and Ryan Donato fight to a draw at 14:39 of 1st period
8:02 of 2nd period - Anaheim Ducks goal is going for a video replay. After video review, No Goal. The puck has entered the net after making contact with an attacking player’s stick that is above the height of the crossbar.
Brayden Schenn and Johnathan Kovacevic fight to a draw at 16:22 of 2nd period
Finance
Level 1 -- Attendance: 4688 (78.13%) -- Ticket Income $468,800
Level 2 -- Attendance: 3937 (78.74%) -- Ticket Income $236,220
Level 3 -- Attendance: 2130 (71.00%) -- Ticket Income $97,980
Level 4 -- Attendance: 3756 (75.12%) -- Ticket Income $93,900
Luxury Box -- Attendance: 710 (71.00%) -- Ticket Income $142,000
Game was played at the Honda Center.
Total Attendance: 15221 (76.11%)
Total Ticket Income: $1,038,900
Other Income: $363,615
Total Income: $1,402,515
Arizona Coyotes
5 vs 5 Forward
Center Left Wing Right Wing Time % Phy DF OF
1 Charlie Coyle Mats Zuccarello Tyler Seguin 35 1 2 2
2 Ryan Donato Aliaksei Protas Kiefer Sherwood 30 1 2 2
3 Mason McTavish Tyler Bertuzzi Ondrej Palat 25 1 2 2
4 Erik Haula Ross Colton Brock McGinn 10 1 2 2
5 vs 5 Defense
Defense Defense Time % Phy DF OF
1 Radko Gudas Johnathan Kovacevic 35 1 3 1
2 Brayden McNabb Jared Spurgeon 30 1 3 1
3 Anthony DeAngelo Matt Dumba 30 1 3 1
4 Radko Gudas Johnathan Kovacevic 5 1 3 1
PowerPlay Forward
Center Left Wing Right Wing Time % Phy DF OF
1 Charlie Coyle Mats Zuccarello Tyler Seguin 50 1 2 2
2 Ryan Donato Aliaksei Protas Kiefer Sherwood 50 1 2 2
PowerPlay Defense
Defense Defense Time % Phy DF OF
1 Radko Gudas Johnathan Kovacevic 50 1 2 2
2 Brayden McNabb Jared Spurgeon 50 1 2 2
Penalty Kill 4 Players Forward
Center Wing Time % Phy DF OF
1 Charlie Coyle Mats Zuccarello 50 1 2 2
2 Tyler Seguin Ryan Donato 50 1 2 2
Penalty Kill 4 Players Defense
Defense Defense Time % Phy DF OF
1 Radko Gudas Johnathan Kovacevic 50 1 3 1
2 Brayden McNabb Jared Spurgeon 50 1 3 1
Penalty Kill - 3 Players Forward
Forward Time % Phy DF OF
1 Mason McTavish 50 1 3 1
2 Erik Haula 50 1 3 1
Penalty Kill - 3 Players Defense
Defense Defense Time % Phy DF OF
1 Radko Gudas Johnathan Kovacevic 50 1 3 1
2 Brayden McNabb Jared Spurgeon 50 1 3 1
4 vs 4 Forward
Center Wing Time % Phy DF OF
1 Charlie Coyle Mats Zuccarello 50 1 2 2
2 Tyler Seguin Ryan Donato 50 1 2 2
4 vs 4 Defense
Defense Defense Time % Phy DF OF
1 Radko Gudas Johnathan Kovacevic 50 1 3 1
2 Brayden McNabb Jared Spurgeon 50 1 3 1
Last Minutes Offensive
Center Left Wing Right Wing Defense Defense
Charlie Coyle Mats Zuccarello Tyler Seguin Radko Gudas Johnathan Kovacevic
Last Minutes Defensive
Center Left Wing Right Wing Defense Defense
Charlie Coyle Mats Zuccarello Tyler Seguin Radko Gudas Johnathan Kovacevic
Goaltenders
Starting : Elvis Merzlikins
Backup : Tristan Jarry
Extra Forwards
Normal : Mason McTavish, Tyler Bertuzzi, Erik Haula - PP : Mason McTavish, Tyler Bertuzzi - PK : Erik Haula
Extra Defensemen
Normal : Anthony DeAngelo, Radko Gudas, Brayden McNabb - PP : Anthony DeAngelo - PK : Johnathan Kovacevic, Brayden McNabb
Penalty Shots
Charlie Coyle, Mats Zuccarello, Tyler Seguin, Ryan Donato, Aliaksei Protas
Scratches
Jani Hakanpaa (Healthy)
Anaheim Ducks
5 vs 5 Forward
Center Left Wing Right Wing Time % Phy DF OF
1 Mark Scheifele Mason Marchment Brayden Schenn 35 1 2 2
2 John Tavares Nazem Kadri William Nylander 35 1 2 2
3 Chandler Stephenson Will Cuylle Alex Killorn 20 1 2 2
4 J.T. Compher Parker Kelly Jonny Brodzinski 10 1 2 2
5 vs 5 Defense
Defense Defense Time % Phy DF OF
1 Esa Lindell Joshua Morrissey 36 1 2 2
2 Ivan Provorov Philip Broberg 33 1 2 2
3 Kevin Bahl Brenden Dillon 31 1 2 2
4 Esa Lindell Ivan Provorov 0 1 2 2
PowerPlay Forward
Center Left Wing Right Wing Time % Phy DF OF
1 Mark Scheifele Brayden Schenn William Nylander 50 1 1 3
2 Nazem Kadri John Tavares Mason Marchment 50 1 1 3
PowerPlay Defense
Defense Defense Time % Phy DF OF
1 Joshua Morrissey Philip Broberg 60 1 2 2
2 Ivan Provorov Esa Lindell 40 1 2 2
Penalty Kill 4 Players Forward
Center Wing Time % Phy DF OF
1 Chandler Stephenson Alex Killorn 60 1 3 1
2 J.T. Compher Brayden Schenn 40 1 3 1
Penalty Kill 4 Players Defense
Defense Defense Time % Phy DF OF
1 Esa Lindell Ivan Provorov 60 1 4 0
2 Brenden Dillon Philip Broberg 40 1 4 0
Penalty Kill - 3 Players Forward
Forward Time % Phy DF OF
1 Chandler Stephenson 60 1 4 0
2 Alex Killorn 40 1 4 0
Penalty Kill - 3 Players Defense
Defense Defense Time % Phy DF OF
1 Esa Lindell Ivan Provorov 60 1 4 0
2 Brenden Dillon Philip Broberg 40 1 4 0
4 vs 4 Forward
Center Wing Time % Phy DF OF
1 John Tavares William Nylander 60 1 2 2
2 Mark Scheifele Nazem Kadri 40 1 2 2
4 vs 4 Defense
Defense Defense Time % Phy DF OF
1 Esa Lindell Joshua Morrissey 60 1 2 2
2 Brenden Dillon Ivan Provorov 40 1 2 2
Last Minutes Offensive
Center Left Wing Right Wing Defense Defense
Mark Scheifele Brayden Schenn William Nylander Philip Broberg Joshua Morrissey
Last Minutes Defensive
Center Left Wing Right Wing Defense Defense
Chandler Stephenson Alex Killorn Brayden Schenn Ivan Provorov Esa Lindell
Goaltenders
Starting : Linus Ullmark
Backup : James Reimer
Extra Forwards
Normal : William Nylander, Mark Scheifele, Nazem Kadri - PP : William Nylander, Nazem Kadri - PK : Chandler Stephenson
Extra Defensemen
Normal : Esa Lindell, Ivan Provorov, Brenden Dillon - PP : Joshua Morrissey - PK : Esa Lindell, Ivan Provorov
Penalty Shots
Chandler Stephenson, Mark Scheifele, Brayden Schenn, Alex Killorn, William Nylander
Scratches
Morgan Rielly (Healthy)
% Time on Ice - Arizona Coyotes
Lines # - Real PCT - Wanted PCT - Time Play
Normal Forward
1 - 34% - 35% - 18:21
2 - 28% - 30% - 14:52
3 - 24% - 25% - 13:05
4 - 14% - 10% - 7:45
Normal Defense
1 - 34% - 35% - 18:34
2 - 29% - 30% - 15:34
3 - 31% - 30% - 16:45
4 - 6% - 5% - 3:10
PP Forward
1 - 47% - 50% - 1:52
2 - 53% - 50% - 2:06
PP Defense
1 - 47% - 50% - 1:51
2 - 53% - 50% - 2:07
PK Forward
1 - 51% - 50% - 1:01
2 - 49% - 50% - 0:58
PK Defense
1 - 66% - 50% - 1:19
2 - 34% - 50% - 0:40
PK3 Forward
1 - 0% - 50%
2 - 0% - 50%
PK3 Defense
1 - 0% - 50%
2 - 0% - 50%
44 Forward
1 - 0% - 50%
2 - 0% - 50%
44 Defense
1 - 0% - 50%
2 - 0% - 50%
Last Minute Offensive - 0:00
Last Minute Defensive - 0:00
Total
Forward - 60:00
Defense - 60:00
|
% Time on Ice - Anaheim Ducks
Lines # - Real PCT - Wanted PCT - Time Play
Normal Forward
1 - 32% - 35% - 17:06
2 - 31% - 35% - 16:50
3 - 22% - 20% - 11:40
4 - 16% - 10% - 8:27
Normal Defense
1 - 34% - 36% - 18:36
2 - 35% - 33% - 18:46
3 - 31% - 31% - 16:41
4 - 0% - 0% - 0:00
PP Forward
1 - 54% - 50% - 1:04
2 - 46% - 50% - 0:55
PP Defense
1 - 53% - 60% - 1:03
2 - 47% - 40% - 0:56
PK Forward
1 - 95% - 60% - 3:46
2 - 5% - 40% - 0:12
PK Defense
1 - 68% - 60% - 2:43
2 - 32% - 40% - 1:15
PK3 Forward
1 - 0% - 60%
2 - 0% - 40%
PK3 Defense
1 - 0% - 60%
2 - 0% - 40%
44 Forward
1 - 0% - 60%
2 - 0% - 40%
44 Defense
1 - 0% - 60%
2 - 0% - 40%
Last Minute Offensive - 0:00
Last Minute Defensive - 0:00
Total
Forward - 60:00
Defense - 60:00
|
Play-by-Play
1st period
0:01 of 1st period - Mark Scheifele wins face-off versus Charlie Coyle in neutral zone.
0:26 of 1st period - Aliaksei Protas is hit by Nazem Kadri and loses puck.
0:37 of 1st period - Wrist shot by John Tavares.
0:37 of 1st period - Shot Misses the Net.
0:39 of 1st period - Slapshot by Ivan Provorov.
0:39 of 1st period - Shot Misses the Net.
1:41 of 1st period - Snap shot by Tyler Seguin.
1:41 of 1st period - Stopped by Linus Ullmark with a rebound.
1:59 of 1st period - Slapshot by Ross Colton.
1:59 of 1st period - Stopped by Linus Ullmark with a rebound.
2:17 of 1st period - Wrist shot by Jonny Brodzinski.
2:17 of 1st period - Deflect By J.T. Compher.
2:17 of 1st period - Stopped by Elvis Merzlikins with a rebound.
3:13 of 1st period - Brayden McNabb is hit by Esa Lindell and loses puck.
4:20 of 1st period - Snap shot by Ross Colton.
4:20 of 1st period - Stopped by Linus Ullmark with a rebound.
4:22 of 1st period - Snap shot by Jared Spurgeon.
4:22 of 1st period - Shot Blocked by Esa Lindell.
4:24 of 1st period - Snap shot by Jared Spurgeon.
4:24 of 1st period - Shot Misses the Net.
5:03 of 1st period - Slapshot by John Tavares.
5:03 of 1st period - Shot Misses the Net.
5:49 of 1st period - Charlie Coyle is hit by Ivan Provorov and loses puck.
6:08 of 1st period - Tyler Bertuzzi is hit by John Tavares and loses puck.
6:17 of 1st period - Wrist shot by William Nylander.
6:17 of 1st period - Deflect By John Tavares.
6:17 of 1st period - Stopped by Elvis Merzlikins without a rebound.
6:18 of 1st period - Mark Scheifele wins face-off versus Tyler Seguin in Arizona Coyotes zone.
6:38 of 1st period - Kevin Bahl is hit by Radko Gudas and loses puck.
6:51 of 1st period - Wrist shot by Aliaksei Protas.
6:51 of 1st period - Stopped by Linus Ullmark without a rebound.
6:52 of 1st period - Ryan Donato wins face-off versus William Nylander in Anaheim Ducks zone.
7:22 of 1st period - Wrist shot by Ryan Donato.
7:22 of 1st period - Stopped by Linus Ullmark with a rebound.
7:24 of 1st period - Wrist shot by Kiefer Sherwood.
7:24 of 1st period - Stopped by Linus Ullmark with a rebound.
7:26 of 1st period - Snap shot by Kiefer Sherwood.
7:26 of 1st period - Shot Blocked by Ivan Provorov.
7:28 of 1st period - Slapshot by Matt Dumba.
7:28 of 1st period - Shot Blocked by Ivan Provorov.
7:30 of 1st period - Snap shot by Kiefer Sherwood.
7:30 of 1st period - Shot Misses the Net.
7:32 of 1st period - Slapshot by Matt Dumba.
7:32 of 1st period - Shot Misses the Net.
7:34 of 1st period - Snap shot by Ryan Donato.
7:34 of 1st period - Stopped by Linus Ullmark with a rebound.
7:36 of 1st period - Snap shot by Aliaksei Protas.
7:36 of 1st period - Shot Misses the Net.
7:55 of 1st period - Philip Broberg is hit by Johnathan Kovacevic and loses puck.
8:04 of 1st period - Snap shot by Ryan Donato.
8:04 of 1st period - Shot Misses the Net.
8:06 of 1st period - Snap shot by Jared Spurgeon.
8:06 of 1st period - Deflect By Kiefer Sherwood.
8:06 of 1st period - Stopped by Linus Ullmark without a rebound.
8:07 of 1st period - Charlie Coyle wins face-off versus Mark Scheifele in Anaheim Ducks zone.
8:12 of 1st period - Snap shot by Mats Zuccarello.
8:12 of 1st period - Shot Misses the Net.
8:41 of 1st period - Backhand shot by Ondrej Palat.
8:41 of 1st period - Shot Blocked by Chandler Stephenson.
8:43 of 1st period - Wrist shot by Ondrej Palat.
8:43 of 1st period - Stopped by Linus Ullmark without a rebound.
8:44 of 1st period - Charlie Coyle wins face-off versus Chandler Stephenson in Anaheim Ducks zone.
9:20 of 1st period - Mason McTavish is hit by J.T. Compher and loses puck.
9:43 of 1st period - Slapshot by Mark Scheifele.
9:43 of 1st period - Shot Blocked by Ross Colton.
9:43 of 1st period - Ross Colton from Arizona Coyotes is injured at 9:43 of 1st period (Strained Left Knee).
9:44 of 1st period - Charlie Coyle wins face-off versus Brayden Schenn in Arizona Coyotes zone.
9:44 of 1st period - Charlie Coyle is hit by Mason Marchment.
9:52 of 1st period - Slapshot by Mats Zuccarello.
9:52 of 1st period - Stopped by Linus Ullmark without a rebound.
9:53 of 1st period - Charlie Coyle wins face-off versus Mark Scheifele in Anaheim Ducks zone.
10:20 of 1st period - Snap shot by Tyler Seguin.
10:20 of 1st period - Shot Misses the Net.
10:22 of 1st period - Slapshot by Johnathan Kovacevic.
10:22 of 1st period - Shot Misses the Net.
11:01 of 1st period - Off-side.
11:02 of 1st period - Mason McTavish wins face-off versus John Tavares in neutral zone.
11:05 of 1st period - Philip Broberg is hit by Anthony DeAngelo and loses puck.
12:05 of 1st period - Snap shot by William Nylander.
12:05 of 1st period - Stopped by Elvis Merzlikins without a rebound.
12:06 of 1st period - John Tavares wins face-off versus Ryan Donato in Arizona Coyotes zone.
12:19 of 1st period - Backhand shot by William Nylander.
12:19 of 1st period - Shot Misses the Net.
12:21 of 1st period - Snap shot by William Nylander.
12:21 of 1st period - Stopped by Elvis Merzlikins without a rebound.
12:22 of 1st period - Chandler Stephenson wins face-off versus Mason McTavish in Arizona Coyotes zone.
12:23 of 1st period - Slapshot by Will Cuylle.
12:23 of 1st period - Stopped by Elvis Merzlikins with a rebound.
12:25 of 1st period - Slapshot by Philip Broberg.
12:25 of 1st period - Stopped by Elvis Merzlikins with a rebound.
12:27 of 1st period - Slapshot by Philip Broberg.
12:27 of 1st period - Shot Blocked by Ondrej Palat.
12:29 of 1st period - Snap shot by Alex Killorn.
12:29 of 1st period - Shot Blocked by Brayden McNabb.
12:31 of 1st period - Wrist shot by Ivan Provorov.
12:31 of 1st period - Shot Misses the Net.
12:35 of 1st period - Snap shot by Chandler Stephenson.
12:35 of 1st period - Deflect By Alex Killorn.
12:35 of 1st period - Shot Misses the Net.
12:35 of 1st period - Puck is out of play.
12:36 of 1st period - John Tavares wins face-off versus Charlie Coyle in Arizona Coyotes zone.
12:37 of 1st period - Snap shot by William Nylander.
12:37 of 1st period - Stopped by Elvis Merzlikins with a rebound.
12:44 of 1st period - Icing by Charlie Coyle.
12:45 of 1st period - John Tavares wins face-off versus Mats Zuccarello in Arizona Coyotes zone.
12:46 of 1st period - Snap shot by William Nylander.
12:46 of 1st period - Shot Misses the Net.
12:54 of 1st period - Wrist shot by Mats Zuccarello.
12:54 of 1st period - Shot Misses the Net.
13:00 of 1st period - Wrist shot by Mats Zuccarello.
13:00 of 1st period - Shot Misses the Net.
13:02 of 1st period - Wrist shot by Mats Zuccarello.
13:02 of 1st period - Stopped by Linus Ullmark without a rebound.
13:03 of 1st period - Brayden Schenn wins face-off versus Mason McTavish in Anaheim Ducks zone.
13:30 of 1st period - Snap shot by Chandler Stephenson.
13:30 of 1st period - Shot Blocked by Jared Spurgeon.
13:32 of 1st period - Wrist shot by Will Cuylle.
13:32 of 1st period - Shot Misses the Net.
13:34 of 1st period - Slapshot by Joshua Morrissey.
13:34 of 1st period - Stopped by Elvis Merzlikins with a rebound.
13:42 of 1st period - Slapshot by Chandler Stephenson.
13:42 of 1st period - Shot Misses the Net.
13:52 of 1st period - Brayden McNabb is hit by William Nylander and loses puck.
13:59 of 1st period - Nazem Kadri is hit by Matt Dumba and loses puck.
14:22 of 1st period - Wrist shot by J.T. Compher.
14:22 of 1st period - Stopped by Elvis Merzlikins without a rebound.
14:23 of 1st period - Mark Scheifele wins face-off versus Ryan Donato in Arizona Coyotes zone.
14:39 of 1st period - Brayden Schenn and Ryan Donato fight to a draw.
14:39 of 1st period - Penalty to Brayden Schenn for Fighting.
14:39 of 1st period - Penalty to Ryan Donato for Fighting.
14:40 of 1st period - Mason McTavish wins face-off versus John Tavares in Arizona Coyotes zone.
14:45 of 1st period - Snap shot by Ondrej Palat.
14:45 of 1st period - Stopped by Linus Ullmark without a rebound.
14:46 of 1st period - Mason McTavish wins face-off versus Nazem Kadri in Anaheim Ducks zone.
18:21 of 1st period - Ondrej Palat is hit by Jonny Brodzinski and loses puck.
18:32 of 1st period - Wrist shot by J.T. Compher.
18:32 of 1st period - Shot Blocked by Matt Dumba.
18:42 of 1st period - Brenden Dillon is hit by Erik Haula and loses puck.
19:09 of 1st period - Johnathan Kovacevic is hit by William Nylander and loses puck.
19:39 of 1st period - Philip Broberg is hit by Brock McGinn and loses puck.
Goals for this period are 0 for Arizona Coyotes vs 0 for Anaheim Ducks.
Shots for this period are 12 for Arizona Coyotes vs 9 for Anaheim Ducks.
2nd period
0:01 of 2nd period - John Tavares wins face-off versus Mason McTavish in neutral zone.
0:58 of 2nd period - Kiefer Sherwood is hit by Alex Killorn and loses puck.
1:20 of 2nd period - Snap shot by Parker Kelly.
1:20 of 2nd period - Shot Blocked by Mason McTavish.
2:34 of 2nd period - Snap shot by Chandler Stephenson.
2:34 of 2nd period - Shot Misses the Net.
2:48 of 2nd period - Mats Zuccarello is hit by Parker Kelly and loses puck.
3:41 of 2nd period - Slapshot by William Nylander.
3:41 of 2nd period - Stopped by Elvis Merzlikins with a rebound.
3:43 of 2nd period - Slapshot by Ivan Provorov.
3:43 of 2nd period - Shot Misses the Net.
4:21 of 2nd period - Slapshot by Chandler Stephenson.
4:21 of 2nd period - Deflect By Alex Killorn.
4:21 of 2nd period - Shot Blocked by Radko Gudas.
4:21 of 2nd period - Puck is out of play.
4:22 of 2nd period - Mason McTavish wins face-off versus Alex Killorn in Arizona Coyotes zone.
4:31 of 2nd period - Snap shot by Aliaksei Protas.
4:31 of 2nd period - Shot Blocked by Brenden Dillon.
4:45 of 2nd period - Snap shot by Nazem Kadri.
4:45 of 2nd period - Stopped by Elvis Merzlikins without a rebound.
4:46 of 2nd period - John Tavares wins face-off versus Mats Zuccarello in Arizona Coyotes zone.
5:20 of 2nd period - Wrist shot by Aliaksei Protas.
5:20 of 2nd period - Shot Misses the Net.
5:30 of 2nd period - Slapshot by Joshua Morrissey.
5:30 of 2nd period - Stopped by Elvis Merzlikins with a rebound.
5:32 of 2nd period - Slapshot by Esa Lindell.
5:32 of 2nd period - Stopped by Elvis Merzlikins with a rebound.
5:34 of 2nd period - Slapshot by Joshua Morrissey.
5:34 of 2nd period - Deflect By Alex Killorn.
5:34 of 2nd period - Stopped by Elvis Merzlikins with a rebound.
5:36 of 2nd period - Wrist shot by Esa Lindell.
5:36 of 2nd period - Stopped by Elvis Merzlikins with a rebound.
5:42 of 2nd period - Snap shot by Alex Killorn.
5:42 of 2nd period - Stopped by Elvis Merzlikins with a rebound.
6:23 of 2nd period - Icing by Radko Gudas.
6:24 of 2nd period - Mark Scheifele wins face-off versus Ryan Donato in Arizona Coyotes zone.
6:29 of 2nd period - Wrist shot by Brayden Schenn.
6:29 of 2nd period - Shot Misses the Net.
6:53 of 2nd period - Mason McTavish is hit by Kevin Bahl and loses puck.
7:08 of 2nd period - Slapshot by Mark Scheifele.
7:08 of 2nd period - Stopped by Elvis Merzlikins without a rebound.
7:09 of 2nd period - John Tavares wins face-off versus Mats Zuccarello in Arizona Coyotes zone.
7:35 of 2nd period - Will Cuylle is hit by Radko Gudas and loses puck.
8:00 of 2nd period - Snap shot by Parker Kelly.
8:00 of 2nd period - Shot Blocked by Mason McTavish.
8:02 of 2nd period - Slapshot by Parker Kelly.
8:02 of 2nd period - Anaheim Ducks goal is going for a video replay.
8:02 of 2nd period - The goal is refused. The puck has entered the net after making contact with an attacking player’s stick that is above the height of the crossbar..
8:03 of 2nd period - Charlie Coyle wins face-off versus J.T. Compher in Arizona Coyotes zone.
8:58 of 2nd period - Snap shot by Mason McTavish.
8:58 of 2nd period - Shot Misses the Net.
9:00 of 2nd period - Slapshot by Brayden McNabb.
9:00 of 2nd period - Shot Misses the Net.
9:26 of 2nd period - Icing by Alex Killorn.
9:27 of 2nd period - Mason McTavish wins face-off versus J.T. Compher in Anaheim Ducks zone.
9:28 of 2nd period - Wrist shot by Tyler Bertuzzi.
9:28 of 2nd period - Stopped by Linus Ullmark without a rebound.
9:29 of 2nd period - J.T. Compher wins face-off versus Mason McTavish in Anaheim Ducks zone.
9:29 of 2nd period - J.T. Compher is hit by Tyler Bertuzzi.
9:38 of 2nd period - Minor Penalty to Radko Gudas for Tripping.
9:39 of 2nd period - Charlie Coyle wins face-off versus Mark Scheifele in Arizona Coyotes zone.
11:07 of 2nd period - Matt Dumba is hit by Brayden Schenn and loses puck.
11:38 of 2nd period - Penalty to Radko Gudas is over, Radko Gudas is back on ice.
11:48 of 2nd period - Brayden McNabb is hit by Parker Kelly and loses puck.
11:55 of 2nd period - Kevin Bahl is hit by Erik Haula and loses puck.
12:47 of 2nd period - Tyler Bertuzzi is hit by Will Cuylle and loses puck.
13:02 of 2nd period - Alex Killorn is hit by Ryan Donato and loses puck.
13:48 of 2nd period - Icing by Ivan Provorov.
13:49 of 2nd period - Ryan Donato wins face-off versus Mark Scheifele in Anaheim Ducks zone.
14:09 of 2nd period - Snap shot by Brayden Schenn.
14:09 of 2nd period - Stopped by Elvis Merzlikins without a rebound.
14:10 of 2nd period - Mason McTavish wins face-off versus John Tavares in Arizona Coyotes zone.
14:15 of 2nd period - Brenden Dillon is hit by Anthony DeAngelo and loses puck.
14:26 of 2nd period - Wrist shot by William Nylander.
14:26 of 2nd period - Stopped by Elvis Merzlikins with a rebound.
14:46 of 2nd period - Off-side.
14:47 of 2nd period - John Tavares wins face-off versus Ryan Donato in neutral zone.
14:50 of 2nd period - Wrist shot by John Tavares.
14:50 of 2nd period - Goal by John Tavares - Arizona Coyotes : 0 - Anaheim Ducks : 1.
14:51 of 2nd period - John Tavares wins face-off versus Charlie Coyle in neutral zone.
14:53 of 2nd period - Off-side.
14:54 of 2nd period - Nazem Kadri wins face-off versus Mats Zuccarello in neutral zone.
15:01 of 2nd period - Nazem Kadri is hit by Charlie Coyle and loses puck.
15:06 of 2nd period - Slapshot by Charlie Coyle.
15:06 of 2nd period - Shot Blocked by Joshua Morrissey.
15:08 of 2nd period - Snap shot by Charlie Coyle.
15:08 of 2nd period - Stopped by Linus Ullmark with a rebound.
15:10 of 2nd period - Snap shot by Tyler Seguin.
15:10 of 2nd period - Stopped by Linus Ullmark with a rebound.
15:26 of 2nd period - Snap shot by Mark Scheifele.
15:26 of 2nd period - Shot Blocked by Radko Gudas.
15:28 of 2nd period - Slapshot by Esa Lindell.
15:28 of 2nd period - Shot Misses the Net.
15:30 of 2nd period - Slapshot by Esa Lindell.
15:30 of 2nd period - Stopped by Elvis Merzlikins with a rebound.
15:32 of 2nd period - Snap shot by Brayden Schenn.
15:32 of 2nd period - Stopped by Elvis Merzlikins with a rebound.
15:34 of 2nd period - Slapshot by Esa Lindell.
15:34 of 2nd period - Shot Blocked by Radko Gudas.
15:44 of 2nd period - Snap shot by Chandler Stephenson.
15:44 of 2nd period - Stopped by Elvis Merzlikins without a rebound.
15:45 of 2nd period - Chandler Stephenson wins face-off versus Mason McTavish in Arizona Coyotes zone.
15:48 of 2nd period - Slapshot by Alex Killorn.
15:48 of 2nd period - Stopped by Elvis Merzlikins with a rebound.
15:54 of 2nd period - Alex Killorn is hit by Mason McTavish and loses puck.
16:19 of 2nd period - Slapshot by William Nylander.
16:19 of 2nd period - Stopped by Elvis Merzlikins without a rebound.
16:20 of 2nd period - Mark Scheifele wins face-off versus Ryan Donato in Arizona Coyotes zone.
16:22 of 2nd period - Brayden Schenn and Johnathan Kovacevic fight to a draw.
16:22 of 2nd period - Penalty to Brayden Schenn for Fighting.
16:22 of 2nd period - Penalty to Johnathan Kovacevic for Fighting.
16:23 of 2nd period - William Nylander wins face-off versus Ryan Donato in Arizona Coyotes zone.
16:26 of 2nd period - Slapshot by William Nylander.
16:26 of 2nd period - Stopped by Elvis Merzlikins without a rebound.
16:27 of 2nd period - John Tavares wins face-off versus Ryan Donato in Arizona Coyotes zone.
17:00 of 2nd period - Mats Zuccarello is hit by Mason Marchment and loses puck.
17:21 of 2nd period - Wrist shot by Mason McTavish.
17:21 of 2nd period - Shot Misses the Net.
17:23 of 2nd period - Slapshot by Anthony DeAngelo.
17:23 of 2nd period - Shot Blocked by Joshua Morrissey.
17:25 of 2nd period - Snap shot by Ondrej Palat.
17:25 of 2nd period - Shot Blocked by Esa Lindell.
17:39 of 2nd period - Aliaksei Protas is hit by John Tavares and loses puck.
18:02 of 2nd period - Slapshot by Mason McTavish.
18:02 of 2nd period - Shot Misses the Net.
19:11 of 2nd period - Brenden Dillon is hit by Aliaksei Protas and loses puck.
19:16 of 2nd period - Slapshot by Aliaksei Protas.
19:16 of 2nd period - Deflect By Brenden Dillon.
19:16 of 2nd period - Shot Blocked by Parker Kelly.
19:16 of 2nd period - Puck is out of play.
19:17 of 2nd period - John Tavares wins face-off versus Ryan Donato in Anaheim Ducks zone.
19:34 of 2nd period - Wrist shot by Nazem Kadri.
19:34 of 2nd period - Stopped by Elvis Merzlikins without a rebound.
19:35 of 2nd period - Charlie Coyle wins face-off versus William Nylander in Arizona Coyotes zone.
19:35 of 2nd period - Charlie Coyle is hit by Mark Scheifele.
Goals for this period are 0 for Arizona Coyotes vs 1 for Anaheim Ducks.
Shots for this period are 3 for Arizona Coyotes vs 19 for Anaheim Ducks.
3rd period
0:01 of 3rd period - Charlie Coyle wins face-off versus John Tavares in neutral zone.
0:18 of 3rd period - John Tavares is hit by Charlie Coyle and loses puck.
0:58 of 3rd period - Icing by Ryan Donato.
0:59 of 3rd period - Ryan Donato wins face-off versus Alex Killorn in Arizona Coyotes zone.
1:04 of 3rd period - Snap shot by Kiefer Sherwood.
1:04 of 3rd period - Shot Misses the Net.
1:10 of 3rd period - Slapshot by Ryan Donato.
1:10 of 3rd period - Deflect By Aliaksei Protas.
1:10 of 3rd period - Stopped by Linus Ullmark without a rebound.
1:11 of 3rd period - Charlie Coyle wins face-off versus Mark Scheifele in Anaheim Ducks zone.
1:12 of 3rd period - Wrist shot by Mats Zuccarello.
1:12 of 3rd period - Stopped by Linus Ullmark without a rebound.
1:13 of 3rd period - Charlie Coyle wins face-off versus Mark Scheifele in Anaheim Ducks zone.
1:16 of 3rd period - Slapshot by Mats Zuccarello.
1:16 of 3rd period - Shot Misses the Net.
1:18 of 3rd period - Backhand shot by Anthony DeAngelo.
1:18 of 3rd period - Stopped by Linus Ullmark with a rebound.
1:20 of 3rd period - Wrist shot by Tyler Seguin.
1:20 of 3rd period - Shot Blocked by Mark Scheifele.
1:29 of 3rd period - Slapshot by Charlie Coyle.
1:29 of 3rd period - Shot Misses the Net.
1:36 of 3rd period - Icing by Philip Broberg.
1:37 of 3rd period - Mason McTavish wins face-off versus Mason Marchment in Anaheim Ducks zone.
1:40 of 3rd period - Wrist shot by Tyler Bertuzzi.
1:40 of 3rd period - Stopped by Linus Ullmark without a rebound.
1:41 of 3rd period - John Tavares wins face-off versus Mason McTavish in Anaheim Ducks zone.
2:08 of 3rd period - Tyler Seguin is hit by Mason Marchment and loses puck.
2:33 of 3rd period - Slapshot by Will Cuylle.
2:33 of 3rd period - Goal by Will Cuylle - Arizona Coyotes : 0 - Anaheim Ducks : 2.
2:34 of 3rd period - John Tavares wins face-off versus Ryan Donato in neutral zone.
2:46 of 3rd period - Slapshot by Aliaksei Protas.
2:46 of 3rd period - Stopped by Linus Ullmark without a rebound.
2:47 of 3rd period - Brayden Schenn wins face-off versus Charlie Coyle in Anaheim Ducks zone.
2:56 of 3rd period - Snap shot by Tyler Seguin.
2:56 of 3rd period - Stopped by Linus Ullmark with a rebound.
2:59 of 3rd period - Icing by Philip Broberg.
3:00 of 3rd period - Mark Scheifele wins face-off versus Ryan Donato in Anaheim Ducks zone.
3:04 of 3rd period - Off-side.
3:05 of 3rd period - John Tavares wins face-off versus Ryan Donato in neutral zone.
3:12 of 3rd period - Wrist shot by John Tavares.
3:12 of 3rd period - Stopped by Elvis Merzlikins without a rebound.
3:13 of 3rd period - Charlie Coyle wins face-off versus John Tavares in Arizona Coyotes zone.
3:13 of 3rd period - Charlie Coyle is hit by Joshua Morrissey.
3:55 of 3rd period - Snap shot by William Nylander.
3:55 of 3rd period - Stopped by Elvis Merzlikins without a rebound.
3:56 of 3rd period - Mark Scheifele wins face-off versus Ryan Donato in Arizona Coyotes zone.
3:58 of 3rd period - Minor Penalty to Mark Scheifele for Roughing.
3:59 of 3rd period - Chandler Stephenson wins face-off versus Charlie Coyle in Anaheim Ducks zone.
4:10 of 3rd period - Wrist shot by Chandler Stephenson.
4:10 of 3rd period - Shot Misses the Net.
5:00 of 3rd period - Ryan Donato is hit by Brayden Schenn.
5:01 of 3rd period - Icing by Ryan Donato.
5:02 of 3rd period - Brayden Schenn wins face-off versus Aliaksei Protas in Arizona Coyotes zone.
5:09 of 3rd period - Wrist shot by Kiefer Sherwood.
5:09 of 3rd period - Shot Blocked by Esa Lindell.
5:58 of 3rd period - Penalty to Mark Scheifele is over, Mark Scheifele is back on ice.
6:29 of 3rd period - Wrist shot by John Tavares.
6:29 of 3rd period - Shot Misses the Net.
7:21 of 3rd period - Snap shot by Mason McTavish.
7:21 of 3rd period - Stopped by Linus Ullmark with a rebound.
7:41 of 3rd period - Will Cuylle is hit by Matt Dumba and loses puck.
8:15 of 3rd period - Off-side.
8:16 of 3rd period - Charlie Coyle wins face-off versus Mark Scheifele in neutral zone.
8:39 of 3rd period - Wrist shot by William Nylander.
8:39 of 3rd period - Shot Blocked by Johnathan Kovacevic.
8:41 of 3rd period - Snap shot by Esa Lindell.
8:41 of 3rd period - Stopped by Elvis Merzlikins without a rebound.
8:42 of 3rd period - Ryan Donato wins face-off versus John Tavares in Arizona Coyotes zone.
8:55 of 3rd period - Wrist shot by Nazem Kadri.
8:55 of 3rd period - Stopped by Elvis Merzlikins with a rebound.
9:18 of 3rd period - Ivan Provorov is hit by Charlie Coyle and loses puck.
9:20 of 3rd period - Minor Penalty to Alex Killorn for Interference.
9:21 of 3rd period - Aliaksei Protas wins face-off versus Chandler Stephenson in Anaheim Ducks zone.
9:30 of 3rd period - Snap shot by Ryan Donato.
9:30 of 3rd period - Shot Misses the Net.
9:46 of 3rd period - Esa Lindell is hit by Charlie Coyle and loses puck.
11:02 of 3rd period - Nazem Kadri is hit by Kiefer Sherwood and loses puck.
11:20 of 3rd period - Penalty to Alex Killorn is over, Alex Killorn is back on ice.
11:29 of 3rd period - Backhand shot by John Tavares.
11:29 of 3rd period - Stopped by Elvis Merzlikins with a rebound.
11:31 of 3rd period - Snap shot by Philip Broberg.
11:31 of 3rd period - Shot Blocked by Jared Spurgeon.
11:33 of 3rd period - Wrist shot by Brenden Dillon.
11:33 of 3rd period - Shot Blocked by Jared Spurgeon.
11:35 of 3rd period - Wrist shot by John Tavares.
11:35 of 3rd period - Shot Misses the Net.
11:42 of 3rd period - Wrist shot by John Tavares.
11:42 of 3rd period - Deflect By Mark Scheifele.
11:42 of 3rd period - Shot Misses the Net.
11:42 of 3rd period - Puck is out of play.
11:43 of 3rd period - Mark Scheifele wins face-off versus Erik Haula in Arizona Coyotes zone.
12:06 of 3rd period - Tyler Seguin is hit by Alex Killorn and loses puck.
12:37 of 3rd period - Brock McGinn is hit by William Nylander and loses puck.
13:03 of 3rd period - Mats Zuccarello is hit by Kevin Bahl and loses puck.
13:10 of 3rd period - Mark Scheifele is hit by Charlie Coyle and loses puck.
13:20 of 3rd period - Off-side.
13:21 of 3rd period - Ryan Donato wins face-off versus Chandler Stephenson in neutral zone.
13:48 of 3rd period - Snap shot by William Nylander.
13:48 of 3rd period - Stopped by Elvis Merzlikins with a rebound.
13:50 of 3rd period - Snap shot by William Nylander.
13:50 of 3rd period - Stopped by Elvis Merzlikins without a rebound.
13:51 of 3rd period - Mason McTavish wins face-off versus Mark Scheifele in Arizona Coyotes zone.
13:58 of 3rd period - Snap shot by Tyler Bertuzzi.
13:58 of 3rd period - Shot Misses the Net.
14:36 of 3rd period - Radko Gudas is hit by Will Cuylle and loses puck.
14:59 of 3rd period - Slapshot by Tyler Bertuzzi.
14:59 of 3rd period - Stopped by Linus Ullmark with a rebound.
15:07 of 3rd period - Ondrej Palat is hit by John Tavares and loses puck.
15:41 of 3rd period - Snap shot by Mason McTavish.
15:41 of 3rd period - Stopped by Linus Ullmark with a rebound.
15:43 of 3rd period - Snap shot by Mason McTavish.
15:43 of 3rd period - Stopped by Linus Ullmark without a rebound.
15:44 of 3rd period - Charlie Coyle wins face-off versus Chandler Stephenson in Anaheim Ducks zone.
16:28 of 3rd period - Wrist shot by Chandler Stephenson.
16:28 of 3rd period - Deflect By Alex Killorn.
16:28 of 3rd period - Shot Misses the Net.
16:28 of 3rd period - Puck is out of play.
16:29 of 3rd period - Charlie Coyle wins face-off versus Mark Scheifele in Arizona Coyotes zone.
16:29 of 3rd period - Charlie Coyle is hit by Mark Scheifele.
16:39 of 3rd period - Slapshot by Jared Spurgeon.
16:39 of 3rd period - Deflect By Mason Marchment.
16:39 of 3rd period - Stopped by Linus Ullmark without a rebound.
16:40 of 3rd period - Mark Scheifele wins face-off versus Charlie Coyle in Anaheim Ducks zone.
17:30 of 3rd period - Jared Spurgeon is hit by Esa Lindell and loses puck.
18:29 of 3rd period - Wrist shot by Tyler Bertuzzi.
18:29 of 3rd period - Shot Blocked by Ivan Provorov.
Goals for this period are 0 for Arizona Coyotes vs 1 for Anaheim Ducks.
Shots for this period are 11 for Arizona Coyotes vs 8 for Anaheim Ducks.
Back to the Top